 Dungeon Crawl Stone Soup version 0.26-a0-651-gb41185065b (webtiles) character file.

Game seed: 17577200713920346552

301 Lanoc the Cudgeler (level 6, -1/39 HPs)
             Began as a Gargoyle Chaos Knight on Oct 17, 2020.
             Was a Plaything of Xom.
             Slain by a worker ant (7 damage)
             ... on level 4 of the Dungeon.
             The game lasted 00:01:58 (1632 turns).

Lanoc the Cudgeler (Gargoyle Chaos Knight)          Turns: 1632, Time: 00:01:59

Health: -1/39      AC:  9    Str: 15    XL:     6   Next: 37%
Magic:  6/6        EV: 12    Int: 13    God:    Xom [*.....]
Gold:   109        SH:  0    Dex: 11    Spells: 5/5 levels left

rFire    . . .     SeeInvis .   a - +0 mace (chaos)
rCold    . . .     Faith    .   (no shield)
rNeg     + . .     Spirit   .   b - +2 leather armour
rPois    ∞         Reflect  .   (no helmet)
rElec    +         Harm     .   (no cloak)
rCorr    .         Rampage  .   (no gloves)
MR       .....                  (no boots)
Stlth    +.........             (no amulet)
HPRegen  0.13/turn              (no ring)
MPRegen  0.10/turn              (no ring)

@: no status effects
A: negative energy resistance 1, electricity resistance, unbreathing,
petrification resistance, rot immunity, AC +4
a: Renounce Religion


You were on level 4 of the Dungeon.
You worshipped Xom.
You were a special plaything of Xom.
You visited 2 branches of the dungeon, and saw 5 of its levels.

You collected 109 gold pieces.

Inventory:

Hand Weapons
 a - a +0 mace of chaos (weapon)
Armour
 b - a +2 leather armour (worn)
Jewellery
 e - an uncursed amulet of reflection {unknown}
Wands
 j - a wand of digging (6)
 p - a wand of random effects (23)
 q - a wand of flame (8)
Scrolls
 c - 4 scrolls of identify {unknown}
 d - a scroll of amnesia {unknown}
 f - 3 scrolls of remove curse {unknown}
 h - 2 scrolls of fog {unknown}
 l - a scroll of enchant weapon {unknown}
 o - a scroll of teleportation {unknown}
Potions
 g - 2 potions of resistance {unknown}
 i - a potion of invisibility {unknown}
 k - 2 potions of lignification {unknown}
 m - a potion of ambrosia {unknown}
 n - a potion of brilliance {unknown}


   Skills:
 + Level 4.4 Fighting
 * Level 4.9 Maces & Flails
 + Level 3.7 Armour
 + Level 2.2 Dodging


You had 5 spell levels left.
You didn't know any spells.
Your spell library contained the following spells:

 Spells                   Type           Power        Failure   Level
 Beastly Appendage        Tmut           #.....       36%         1
 Wereblood                Tmut           #.......     50%         2
 Spider Form              Tmut/Pois      #.........   75%         3
 Ice Form                 Ice/Tmut       #.......     98%         4
 Blade Hands              Tmut           #.........   100%        5


Dungeon Overview and Level Annotations

Branches:
Dungeon (4/15)             Temple (1/1) D:4

Altars:
Elyvilon
Makhleb
Qazlal
Uskayaw
Zin


Innate Abilities, Weirdness & Mutations

You are resistant to torment.
Your stone body is resilient. (AC +4)
You are immune to poison.
You resist negative energy. (rN+)
You are resistant to electric shocks. (rElec)
You can survive without breathing.
You are immune to petrification.
You are immune to rotting.


Message History

Something bites you but does no damage.
You miss something. Something bites you but does no damage.
You closely miss something. Something bites you. x2
You hit something but do no damage. Something bites you.
Something bites you but does no damage.
You closely miss something. Something bites you. x2
Your leather armour prevents you from hitting something.
Something bites you. Something bites you but does no damage.
You miss something. Something bites you. Something bites you!
* * * LOW HITPOINT WARNING * * *
Something bites you but does no damage.
There is a staircase to the Ecumenical Temple here.
Found a scroll labeled CUZXIO LYREGA.
Something bites you but does no damage. Something barely misses you.
Something bites you.
* * * LOW HITPOINT WARNING * * *
Something barely misses you. Something bites you!
You die...

##?.. #.......# ....
........#
##...##.......# ##.
...........#
...##...#?.....# #
#..#.#.......###
#...#....#..#......#
.....#....##........
........>.@.........
.....##....#........ ...
#..#....#......## .
$....#.#..#.....(..# #
..#..#...##..###...S.###
. .......... .##
#.......##. ........##
.# #.......... ........$
# #.......... ......
#..........


There were no monsters in sight!

Vanquished Creatures
  Grinder (D:3)
  Natasha (twice) (D:3)
  3 adders (D:3)
  A dart slug (D:1)
  A worm (D:3)
  2 leopard geckos (D:3)
  An orc (D:3)
  2 bats (D:3)
  A giant cockroach (D:1)
  A hobgoblin (D:3)
  3 jackals (D:1)
  4 frilled lizards
  5 kobolds
  3 rats
30 creatures vanquished.

Notes
Turn   | Place    | Note
-------+----------+-------------------------------------------
     0 | D:1      | Lanoc the Gargoyle Chaos Knight began the quest for the
                  | Orb.
     0 | D:1      | Reached XP level 1. HP: 14/14 MP: 1/1
    29 | D:1      | Reached skill level 1 in Dodging
    29 | D:1      | Reached XP level 2. HP: 17/19 MP: 2/2
   108 | D:1      | XOM: silly message
   124 | D:1      | XOM: divination: detect items
   327 | D:3      | Reached XP level 3. HP: 13/23 MP: 3/3
   560 | D:3      | XOM: scenery: summon butterflies
   612 | D:3      | Noticed Natasha
   615 | D:3      | Found a stormy altar of Qazlal.
   633 | D:3      | Killed Natasha
   633 | D:3      | Reached XP level 4. HP: 18/29 MP: 4/4
   764 | D:3      | Found a glowing silver altar of Zin.
   817 | D:3      | Noticed Natasha
   817 | D:3      | XOM: 2-stop teleportation journey
   826 | D:3      | Killed Natasha
  1018 | D:3      | XOM: polymorph leopard gecko -> adder
  1098 | D:3      | Noticed Grinder
  1119 | D:3      | Killed Grinder
  1119 | D:3      | Reached XP level 5. HP: 14/34 MP: 5/5
  1119 | D:3      | Reached XP level 6. HP: 17/39 MP: 6/6
  1609 | D:4      | Found a staircase to the Ecumenical Temple.
  1609 | D:4      | XOM: 1-stop teleportation journey
  1613 | Temple   | Entered the Ecumenical Temple
  1632 | D:4      | Slain by a worker ant

Illustrated notes

Levels and vault maps discovered:
D:1:      erik_arrival_blinker_ship, layout_loops_cross
D:2:      layout_basic, tso_altar, uniq_robin
D:3:      layout_loops_corners, lemuel_crystal_altar,
          nicolae_qazlal_general_emergency, uniq_natasha, uniq_grinder
D:4:      layout_cave_pools, overflow_temple_1_default,
          minmay_temple_entry_mini_moons, gammafunk_ghost_smash, ldierk_geyser,
          uniq_blork_the_orc
Temple:   lightli_temple_of_artemis

Skill      XL: |  1  2  3  4 |
---------------+-------------+-----
Dodging        | 1 2 |  2.2
Maces & Flails | 4 |  4.9
Armour         | 3 |  3.7
Fighting       | 4 |  4.4

Action                   |  1- 3 |  4- 6 || total
-------------------------+-------+-------++-------
Melee: Mace              |    45 |    64 ||   109
 Stab: Petrified         |       |     9 ||     9
Armor: Leather armour    |    18 |    24 ||    42
Dodge: Dodged            |    35 |    29 ||    64

Table legend: (Time is in decaauts)
 A = Elapsed time spent in this place.
 B = Non-inter-level travel time spent in this place.
 C = Inter-level travel time spent in this place.
 D = Time resting spent in this place.
 E = Time spent auto-exploring this place.
 F = Levels seen in this place.
 G = Mean time per level.
                   A        B        C        D        E       F      G
               +--------+--------+--------+--------+--------+-----+--------+
         Total |   1680 |   1642 |     38 |      0 |   1376 |   5 |  336.0 |
       Dungeon |   1678 |   1640 |     38 |      0 |   1376 |   4 |  419.5 |
        Temple |      1 |      1 |      0 |      0 |      0 |   1 |    1.0 |
               +--------+--------+--------+--------+--------+-----+--------+

Top non-repeatable levels by time:
     D:3: 1414 daAuts
     D:1: 224 daAuts
     D:4: 25 daAuts
     D:2: 14 daAuts
  Temple: 1 daAuts
